 Dungeon Crawl Stone Soup version 0.31-a0-636-ge1c0e020e0 (webtiles) character file.

Game seed: 5449992141028584804

0 Descartes the Sneak (level 1, 0/10 HPs)
             Began as a Felid Delver on Aug 26, 2023.
             Slain by an orc
             ... wielding a +0 hand axe
              (6 damage)
             ... on level 4 of the Dungeon.
             The game lasted 00:00:26 (54 turns).

Descartes the Sneak (Felid Delver)                    Turns: 54, Time: 00:00:26

Health: 0/10       AC:  1    Str:  8    XL:     1   Next: 8%
Magic:  2/2        EV: 17    Int: 11    God:
Gold:   0          SH:  0    Dex: 17    Spells: 0/0 levels left
                                        Lives:  0   Deaths: 1

rFire   . .          .
                       - Unarmed
rCold   . . .        (shield unavailable)
rNeg    . . .        (body armour unavailable)
rPois   .            (helmet unavailable)
rElec   .            (cloak unavailable)
rCorr   .            (gloves unavailable)
SInv    +            (boots unavailable)
Will    .....        (no amulet)
Stlth   +++          (no ring)
HPRegen 0.21/turn    (no ring)
MPRegen 0.08/turn

%: no passive effects
@: quick
A: very small, claws 1, fangs 3, see invisible, speed 1, shaggy fur 1, stealthy
paws, no weapons or thrown items, no armour, multi-lived
a: no special abilities


You were on level 4 of the Dungeon.
You visited 1 branch of the dungeon, and saw 2 of its levels.

Inventory:

Wands
 e - a wand of digging (3)
Scrolls
 a - a scroll of fog
 b - a scroll of revelation
 c - a scroll of fear
Potions
 d - a potion of haste


   Skills:
 - Level 3.0 Fighting
 - Level 2.6 Dodging
 + Level 6.6 Stealth
 + Level 2.0 Unarmed Combat


You couldn't memorise any spells.
You didn't know any spells.
Your spell library was empty.

Dungeon Overview and Level Annotations

Branches:
Dungeon (5/15)
 Temple: D:4-7

Altars:


Innate Abilities, Weirdness & Mutations

You have sharp claws.
You have razor-sharp teeth.
You have supernaturally acute eyesight. (SInv)
You cover ground quickly. (Speed+)
You are covered in fur. (AC +1)
Your paws help you pounce on unaware monsters.
You are incapable of wielding weapons or throwing items.
You cannot wear armour.
You gain extra lives every three experience levels.


Message History

You are too injured to fight recklessly!
You are too injured to fight recklessly!
You scratch the scorpion but do no damage.
The scorpion closely misses you.
You barely miss the scorpion. The scorpion stings you.
* * * LOW HITPOINT WARNING * * *
You scratch the scorpion. Your claw misses the scorpion.
You bite the scorpion, but do no damage.
The scorpion is lightly wounded.
The scorpion stings you.
You die...
You rejoin the land of the living...
Found a scroll labelled JODEOKH DOSEODGH.
Unknown command.
Unknown command.
A kobold comes into view. It is wielding a +0 short sword.
An orc comes into view. It is wielding a +0 hand axe.
You open the door.
A goblin zombie comes into view. 3 orcs come into view.
The orc shouts! x2
The goblin zombie hits you but does no damage.
The orc shouts!
You hear a shout!
There is an open door here.
You completely miss the goblin zombie.
The orc shouts!
The goblin zombie misses you.
You scratch the goblin zombie. You bite the goblin zombie.
The goblin zombie is almost destroyed.
The orc barely misses you.
You scratch the goblin zombie.
You destroy the goblin zombie!
The orc hits you with a +0 short sword.
There are monsters nearby!
You completely miss the orc. The orc hits you with a +0 hand axe.
You scratch the orc.
The orc is almost dead.
The orc hits you with a +0 hand axe.
Ouch! That really hurt!
You die...

.##.#. #.. ....#. ...#
...... ##..# ......
...# .....##..### ≈
..K..?##@#
≈~~.#####..###o###.##
≈≈~........K.Ko.......
≈~~.#######.###.###..#
≈ #.# o.. #.# o### #.#
.# #.# .# #.# .#


You could see 4 orcs and a kobold.

Vanquished Creatures
  A goblin zombie (D:4)
1 creature vanquished.

Notes
Turn   | Place    | Note
-------+----------+-------------------------------------------
     0 | D:5      | Descartes the Felid Delver began the quest for the Orb.
     0 | D:5      | Reached XP level 1. HP: 10/10 MP: 2/2
    34 | D:4      | Noticed a scorpion
    35 | D:4      | Noticed an ogre
    39 | D:4      | Slain by a scorpion
    54 | D:4      | Slain by an orc

Illustrated notes

Levels and vault maps discovered:
D:4:      layout_basic, mainiacjoe_overflow_alcove_2, fedhas_ov_isle_minmay,
          mainiacjoe_overflow_alcove_4, nicolae_ossuary_entry_giza,
          kennysheep_doodads
D:5:      layout_rooms, kb_xom_exploding_sheep, nicolae_gozag_seed_capital,
          serial_shops, shop_statue, nicolae_shop_firing_range

Action                     || total
---------------------------++-------
  Melee: Unarmed           ||     8
         Bite              ||     2
 Armour: Skin              ||     1
  Dodge: Dodged            ||     3

Table legend: (Time is in decaauts)
 A = Elapsed time spent in this place.
 B = Non-inter-level travel time spent in this place.
 C = Inter-level travel time spent in this place.
 D = Time resting spent in this place.
 E = Time spent auto-exploring this place.
 F = Levels seen in this place.
 G = Mean time per level.
                   A        B        C        D        E       F      G
               +--------+--------+--------+--------+--------+-----+--------+
         Total |     45 |     45 |      0 |      0 |     23 |   2 |   22.5 |
       Dungeon |     45 |     45 |      0 |      0 |     23 |   2 |   22.5 |
               +--------+--------+--------+--------+--------+-----+--------+

Top non-repeatable levels by time:
     D:4: 34 daAuts
     D:5: 10 daAuts
